 Dungeon Sprint DCSS version 0.20-a0-493-g19c8d8d (console) character file.

84057 sorlin the Cruncher (level 15, -6/126 HPs)
             Began as a Barachian Fighter on Jan 16, 2017.
             Was a Priest of Cheibriados.
             Mangled by Jory
             ... wielding a +1 great sword of slicing
              (29 damage)
             ... in the Dungeon (Sprint IX: "|||||||||||||||||||||||||||||") on Jan 17, 2017.
             The game lasted 00:38:59 (8148 turns).

sorlin the Cruncher (Barachian Fighter)             Turns: 8148, Time: 00:38:59

Health: -6/126     AC: 31    Str: 23    XL:     15   Next: 79%
Magic:  33/33      EV: 16    Int: 20    God:    Cheibriados [***...]
Gold:   507        SH:  0    Dex: 19    Spells: 42/42 levels left

rFire    + . .     SeeInvis .   a - +2 scimitar (holy)
rCold    + + .     Gourm    .   E - +3 plate armour {rC+}
rNeg     + . .     Faith    .   c - +0 shield
rPois    +         Spirit   .   x - -2 hat of the Alchemist {rElec rPois rF+ rC+ rN+ MR+ rMut rCorr}
rElec    +         Reflect  .   C - +2 cloak
rCorr    +         Harm     .   G - +1 pair of gloves
rMut     +         NoTele   +   y - +0 pair of boots
MR       ++...                  J - amulet of regeneration
Stlth    ..........             I - +4 ring of protection
Regen    0.8/turn               z - +2 ring of protection

@: confused, very slow
A: swims, slowness 1, strong legs 2
a: Hop, Bend Time, Temporal Distortion, Renounce Religion


You were in the Dungeon.
You worshipped Cheibriados.
Cheibriados was most pleased with you.
You were not hungry.

You visited 1 branch You collected 1929 gold pieces.
You spent 1422 gold pieces at shops.


Innate Abilities, Weirdness & Mutations

You can swim through water.
You cover ground slowly.
You can hop longer distances.


   Skills:
 - Level 14.1 Fighting
 + Level 4.0(9.5) Short Blades
 - Level 14.0(14.3) Long Blades
 + Level 11.0(14.0) Maces & Flails
 - Level 14.2(15.5) Staves
 - Level 14.0(15.6) Slings
 + Level 12.1(14.6) Throwing
 - Level 14.0 Armour
 - Level 14.0 Dodging
 - Level 14.0 Stealth
 - Level 14.0 Shields
 - Level 14.0 Spellcasting
 - Level 14.0 Invocations


You had 42 spell levels left.
You didn't know any spells.

Inventory:

Hand Weapons
 a - a +2 scimitar of holy wrath (weapon)
   (You found it in the Dungeon)
 b - a +0 fustibalus of velocity
   (You found it in the Dungeon)
 f - a +0 scimitar of flaming
   (You took it off Azrael in the Dungeon)
 n - a +4 hunting sling
 o - a +4 vampiric lajatang
   (You took it off Agnes in the Dungeon)
 p - the +2 glaive of Upheaval {flame, rElec Str+4 Dex+5 Stlth-}
   (You found it in the Dungeon)

   It has been specially enchanted to burn those struck by it, causing extra
   injury to most foes and up to half again as much damage against particularly
   susceptible opponents.
   Big, fiery blades are also staple armaments of hydra-hunters.
   It affects your strength (+4).
   It affects your dexterity (+5).
   It insulates you from electricity.
   It makes you less stealthy.
 u - a +2 rapier of electrocution
   (You found it in the Dungeon)
 K - a +1 demon whip of venom
   (You found it in the Dungeon)
Missiles
 A - 30 sling bullets
Armour
 c - a +0 shield (worn)
 x - the -2 hat of the Alchemist (worn) {rElec rPois rF+ rC+ rN+ MR+ rMut rCorr}
   (You found it in the Dungeon)

   It protects you from fire.
   It protects you from cold.
   It insulates you from electricity.
   It protects you from poison.
   It protects you from negative energy.
   It affects your resistance to hostile enchantments.
   It protects you from acid and corrosion.
   It protects you from mutation.
 y - a +0 pair of boots (worn)
 C - a +2 cloak (worn)
 E - a +3 plate armour of cold resistance (worn)
   (You bought it in a shop in the Dungeon)
 G - a +1 pair of gloves (worn)
Jewellery
 z - a +2 ring of protection (left hand)
 H - a +6 ring of strength
 I - a +4 ring of protection (right hand)
 J - an amulet of regeneration (around neck)
Scrolls
 h - 2 scrolls of enchant armour
 k - 4 scrolls of blinking
 l - 5 scrolls of remove curse
 q - a scroll of magic mapping {!r}
 r - 2 scrolls of fog
 t - 6 scrolls of enchant weapon
 B - 2 scrolls of immolation {!r}
 D - a scroll of recharging
 M - 3 scrolls of fear {!r}
 N - a scroll of identify
Potions
 e - 9 potions of curing
 g - 8 potions of heal wounds {!q}
 i - 2 potions of magic {!q}
 j - a potion of brilliance {!q}
 m - 2 potions of might {!q}
 s - a potion of resistance {!q}
 L - a potion of agility {!q}
Comestibles
 v - 39 fruits
 w - 9 meat rations {!e}
 F - 11 bread rations {!e}


Message History

Jory is lightly damaged.
You hit Jory but do no damage.
Jory is lightly damaged.
You block Jory's attack. Jory bites you but does no damage.
You slash Jory!
Jory convulses.
Jory is moderately damaged.
You closely miss Jory.
Jory is moderately damaged.
Jory hits you with a great sword of slicing!
Jory barely misses you.
You take 20 damage.
You slash Jory!
Jory convulses!
Jory is moderately damaged.
You closely miss Jory.
Jory is moderately damaged.
Jory hits you but does no damage. You block Jory's attack.
You hit Jory but do no damage.
Jory is moderately damaged.
You hit Jory but do no damage.
Jory is moderately damaged.
Jory hits you with a great sword of slicing!!
* * * LOW HITPOINT WARNING * * *
You block Jory's attack.
You hear a deafening roar! x2
You take 45 damage.
You hit Jory but do no damage.
Jory is moderately damaged.
You hear a deafening roar!
You hear a roar!
You hear a deafening roar! x3
You hit Jory but do no damage.
Jory is moderately damaged.
Jory casts a spell at you. The crystal spear hits you!
* * * LOW HITPOINT WARNING * * *
You take 34 damage.
You closely miss Jory.
Jory is moderately damaged.
You block Jory's attack. Jory bites you but does no damage.
You hit Jory but do no damage.
Jory is moderately damaged.
You hit Jory.
Jory convulses.
Jory is moderately damaged.
Jory hits you with a great sword of slicing!
* * * LOW HITPOINT WARNING * * *
x2 Jory bites you.
* * * LOW HITPOINT WARNING * * *
You take 11 damage.
You are confused.
You feel invigorated.
Jory hits you with a great sword of slicing!!
You die... .........')))).....'..)......'.)) ███████████████████♣♣♣♣♣♣♣♣♣♣████ .......[......................... █████████████████████████████████ .(()(...((().......('))(())))[)). █████████████████████████████████ ...............................[. █████████████████████████████████ .="...)))).)...[[[[[[............ █████████████████████████████████ ......V@................ ♣♣♣♣♣♣♣♣♣♣██████████████

You could see Jory.

Vanquished Creatures
  Sojobo (D)
  Boris (D)
  Xtahua (D)
  Nikola (D)
  A lich (D)
  A sphinx (D)
  Gastronok (D)
  Agnes (D)
  2 tengu reavers (D)
  2 vault wardens (D)
  5 stone giants (D)
  2 ironheart preservers (D)
  A very ugly thing (D)
  Azrael (D)
  An ettin (D)
  4 great orbs of eyes (D)
  An ice dragon (D)
  A yaktaur captain (D)
  A rakshasa (D)
  An anaconda (D)
  3 hydras (D)
  A deep elf high priest (D)
  An alligator snapping turtle (D)
  A queen ant (shapeshifter) (D)
  A naga warrior (D)
  2 alligators (D)
  3 centaur warriors (D)
  An ogre mage (D)
  2 deep troll shamans (D)
  A tengu warrior (D)
  A deep troll earth mage (D)
  3 small abominations (D)
  A shock serpent (D)
  A deep elf knight (D)
  A sea snake (D)
  A deep elf archer (D)
  2 wizards (D)
  13 orc knights (D)
  2 ironbrand convokers (D)
  2 orb spiders (D)
  4 ugly things (D)
  A cyclops (D)
  2 manticores (D)
  An orc sorcerer (D)
  A salamander (D)
  Joseph (D)
  2 black mambas (D)
  A merfolk siren (D)
  3 vault sentinels (D)
  2 guardian serpents (D)
  6 spiny frogs (D)
  2 yaktaurs (D)
  A demonic crawler (D)
  2 freezing wraiths (D)
  A komodo dragon (D)
  A tengu conjurer (D)
  2 trolls (D)
  A merfolk (D)
  2 hornets (D)
  2 tyrant leeches (D)
  A jumping spider (D)
  2 wind drakes (D)
  3 slime creatures (D)
  A snapping turtle (D)
  6 blink frogs (D)
  A bog body (D)
  A dream sheep (D)
  A hippogriff (D)
  4 redbacks (D)
  2 spriggans (D)
  3 yaks (D)
  A hog (shapeshifter) (D)
  A basilisk (shapeshifter) (D)
  4 fire elementals (D)
  A wraith (D)
  A vampire mosquito (D)
  A naga (D)
  An insubstantial wisp (D)
  A water moccasin (D)
  2 porcupines (D)
  2 hell hounds (D)
  13 orc warriors (D)
  A wolf (D)
  A boggart (D)
  An ogre (D)
  3 crocodiles (D)
  2 bullfrogs (D)
  3 orc wizards (D)
  2 orc priests (D)
  2 worker ants (D)
  2 shadow imps (D)
  An ooze (D)
  9 orcs (D)
  2 giant cockroaches (D)
  A goblin (D)
  A hobgoblin (D)
  A jackal (D)
196 creatures vanquished.

Vanquished Creatures (others)
  A vampire (D)
  A shadow imp (D)
2 creatures vanquished.

Grand Total: 198 creatures vanquished

Notes
Turn   | Place    | Note
-------+----------+-------------------------------------------
     0 | D        | sorlin the Barachian Fighter began the quest for the Orb.
     0 | D        | Reached XP level 1. HP: 18/18 MP: 1/1
     8 | D        | Reached skill level 3 in Long Blades
    13 | D        | Reached skill level 4 in Long Blades
    13 | D        | Reached XP level 2. HP: 23/24 MP: 2/2
    26 | D        | Noticed an ogre
    30 | D        | Reached skill level 6 in Long Blades
    30 | D        | Reached skill level 4 in Shields
    30 | D        | Reached XP level 3. HP: 29/29 MP: 3/3
    31 | D        | Reached skill level 7 in Long Blades
    31 | D        | Reached skill level 5 in Shields
    31 | D        | Reached XP level 4. HP: 35/35 MP: 4/4
    34 | D        | Killed an ogre
    34 | D        | Reached skill level 9 in Long Blades
    34 | D        | Reached skill level 6 in Shields
    34 | D        | Reached XP level 5. HP: 41/41 MP: 5/5
    52 | D        | Found a roughly hewn altar of Beogh.
    52 | D        | Found a snail-covered altar of Cheibriados.
    52 | D        | Found a shadowy altar of Dithmenos.
    52 | D        | Found a white marble altar of Elyvilon.
    52 | D        | Found a blossoming altar of Fedhas.
    52 | D        | Found an opulent altar of Gozag.
    53 | D        | Found a hazy altar of Hepliaklqana.
    54 | D        | Found a viscous altar of Jiyva.
    55 | D        | Found an ancient bone altar of Kikubaaqudgha.
    56 | D        | Found a corrupted altar of Lugonu.
    58 | D        | Became a worshipper of Cheibriados the Contemplative
    60 | D        | Found a burning altar of Makhleb.
    61 | D        | Found a sparkling altar of Nemelex Xobeh.
    62 | D        | Found an iron altar of Okawaru.
    63 | D        | Found a stormy altar of Qazlal.
    64 | D        | Found a sacrificial altar of Ru.
    65 | D        | Found a deep blue altar of Sif Muna.
    66 | D        | Found a bloodstained altar of Trog.
    67 | D        | Found a hide-covered altar of Uskayaw.
    68 | D        | Found a radiant altar of Vehumet.
    69 | D        | Found a shimmering altar of Xom.
    70 | D        | Found a basalt altar of Yredelemnul.
    71 | D        | Found a glowing silver altar of Zin.
    72 | D        | Found a glowing golden altar of the Shining One.
    89 | D        | Got the +2 halberd of Qonniat {chop, Int+3}
   128 | D        | Noticed a troll
   128 | D        | Noticed a yak
   133 | D        | HP: 12/41 [troll (7)]
   133 | D        | HP: 4/41 [troll (8)]
   137 | D        | Killed a troll
   137 | D        | Reached skill level 11 in Long Blades
   137 | D        | Reached skill level 5 in Armour
   137 | D        | Reached skill level 8 in Shields
   137 | D        | Reached XP level 6. HP: 14/47 MP: 6/6
   138 | D        | Reached * piety under Cheibriados
   138 | D        | Reached skill level 6 in Armour
   139 | D        | Reached skill level 12 in Long Blades
   139 | D        | Reached skill level 1 in Invocations
   139 | D        | Reached XP level 7. HP: 16/53 MP: 6/8
   142 | D        | Reached ** piety under Cheibriados
   147 | D        | Killed a yak
   147 | D        | Reached skill level 4 in Fighting
   147 | D        | Reached skill level 3 in Invocations
   149 | D        | Reached skill level 5 in Fighting
   149 | D        | Reached skill level 7 in Armour
   149 | D        | Reached skill level 9 in Shields
   157 | D        | Noticed a vampire
   157 | D        | Noticed a centaur warrior
   157 | D        | Noticed a white ugly thing
   160 | D        | Killed a vampire
   169 | D        | Killed a centaur warrior
   169 | D        | Reached *** piety under Cheibriados
   169 | D        | Reached skill level 6 in Fighting
   169 | D        | Reached skill level 13 in Long Blades
   169 | D        | Reached skill level 8 in Armour
   169 | D        | Reached skill level 5 in Invocations
   169 | D        | Reached XP level 8. HP: 47/65 MP: 9/12
   175 | D        | Killed a white ugly thing
   175 | D        | Reached skill level 7 in Fighting
   175 | D        | Reached skill level 9 in Armour
   175 | D        | Reached skill level 10 in Shields
   175 | D        | Reached XP level 9. HP: 53/72 MP: 6/13
   356 | D        | Noticed a spiny frog
   356 | D        | Noticed a spiny frog
   365 | D        | Killed a spiny frog
   365 | D        | Reached **** piety under Cheibriados
   365 | D        | Reached skill level 11 in Shields
   365 | D        | Reached skill level 6 in Invocations
   370 | D        | Noticed an eight-headed hydra
   374 | D        | Killed a spiny frog
   374 | D        | Reached skill level 10 in Armour
   374 | D        | Reached skill level 7 in Invocations
   374 | D        | Reached ***** piety under Cheibriados
   374 | D        | Reached skill level 14 in Long Blades
   374 | D        | Reached skill level 12 in Shields
   376 | D        | Killed an eight-headed hydra
   376 | D        | Reached skill level 2 in Dodging
   376 | D        | Reached skill level 8 in Invocations
   376 | D        | Reached XP level 10. HP: 79/79 MP: 14/16
   413 | D        | Noticed a seven-headed hydra
   413 | D        | Noticed a spiny frog
   414 | D        | Reached skill level 13 in Shields
   414 | D        | Reached skill level 11 in Armour
   414 | D        | Reached skill level 3 in Dodging
   415 | D        | Killed a spiny frog
   415 | D        | Reached skill level 4 in Dodging
   415 | D        | Reached skill level 9 in Invocations
   417 | D        | Killed an eight-headed hydra
   417 | D        | Reached skill level 5 in Dodging
   417 | D        | Reached skill level 14 in Shields
   419 | D        | Noticed a spiny frog
   428 | D        | Killed a spiny frog
   469 | D        | Reached skill level 8 in Fighting
   469 | D        | Reached skill level 10 in Invocations
   474 | D        | Reached skill level 12 in Armour
   498 | D        | Reached skill level 6 in Dodging
   502 | D        | Reached ****** piety under Cheibriados
   508 | D        | Reached XP level 11. HP: 60/87 MP: 9/18
   514 | D        | Reached skill level 9 in Fighting
   805 | D        | Noticed Joseph
   824 | D        | Killed Joseph
   824 | D        | Reached skill level 7 in Dodging
   879 | D        | Noticed Gastronok
   896 | D        | Killed Gastronok
   896 | D        | Reached skill level 10 in Fighting
   896 | D        | Reached skill level 13 in Armour
   896 | D        | Reached skill level 8 in Dodging
   896 | D        | Reached skill level 11 in Invocations
  1031 | D        | Noticed a stone giant
  1060 | D        | Killed a stone giant
  1060 | D        | Reached skill level 12 in Invocations
  1085 | D        | HP: 19/92 [something/puff of flame (12)]
  1086 | D        | Reached skill level 9 in Dodging
  1365 | D        | Noticed an orc sorcerer
  1365 | D        | Noticed an orc knight
  1371 | D        | Killed an orc sorcerer
  1371 | D        | Reached skill level 11 in Fighting
  1372 | D        | Noticed an orc knight
  1388 | D        | Killed an orc knight
  1390 | D        | Noticed an orc knight
  1403 | D        | Killed an orc knight
  1403 | D        | Reached skill level 14 in Armour
  1416 | D        | Killed an orc knight
  1416 | D        | Reached skill level 1 in Stealth
  1417 | D        | Reached skill level 2 in Stealth
  1422 | D        | Reached skill level 10 in Dodging
  1543 | D        | Found Ezuoplit's Armour Emporium.
  1543 | D        | Noticed an orc knight
  1543 | D        | Noticed an orc knight
  1543 | D        | Noticed an orc knight
  1543 | D        | Noticed an orc knight
  1550 | D        | Noticed an orc knight
  1554 | D        | Killed an orc knight
  1554 | D        | Reached skill level 3 in Stealth
  1554 | D        | Reached skill level 13 in Invocations
  1554 | D        | Reached XP level 12. HP: 63/102 MP: 15/21
  1554 | D        | Reached skill level 12 in Fighting
  1555 | D        | Reached skill level 4 in Stealth
  1571 | D        | HP: 28/103 [orc knight/dire flail (12)]
  1573 | D        | Reached skill level 5 in Stealth
  1576 | D        | Reached skill level 11 in Dodging
  1577 | D        | Found Niux's Antique Armour Shoppe.
  1580 | D        | HP: 13/103 [orc knight/enchanted war axe (17)]
  1584 | D        | Reached skill level 6 in Stealth
  1910 | D        | Found Antiniel's Assorted Antiques.
  1914 | D        | Found Riosup's Weapon Shoppe.
  1932 | D        | Reached skill level 13 in Fighting
  1932 | D        | Reached skill level 14 in Invocations
  1936 | D        | Reached skill level 7 in Stealth
  1990 | D        | Bought a scroll labeled NARIXEOL VOAXT for 23 gold pieces
  1991 | D        | Bought a scroll of immolation for 80 gold pieces
  1991 | D        | Bought a glowing cloak for 241 gold pieces
  2143 | D        | Got the +6 great sword "Pehumoir" {freeze, +Inv}
  2153 | D        | Got the +2 war axe of Xom's Esteem {chop, rElec Int+5 Dex+4}
  2337 | D        | Bought a pair of embroidered boots for 252 gold pieces
  2349 | D        | Identified a +0 pair of boots of running (You bought it in a shop in the Dungeon)
  2355 | D        | Bought a pair of runed boots for 241 gold pieces
  2360 | D        | Identified a +1 pair of boots of running (You bought it in a shop in the Dungeon)
  2375 | D        | Bought a +3 plate armour of cold resistance for 585 gold pieces
  2515 | D        | Noticed a seven-headed hydra
  2524 | D        | Reached skill level 12 in Dodging
  2524 | D        | Reached skill level 8 in Stealth
  2524 | D        | Killed a seven-headed hydra
  2529 | D        | Noticed a stone giant
  2538 | D        | Noticed a deep troll earth mage
  2538 | D        | Killed a stone giant
  2538 | D        | Reached skill level 14 in Fighting
  2538 | D        | Reached skill level 9 in Stealth
  2546 | D        | Killed a deep troll earth mage
  2546 | D        | Reached skill level 1 in Spellcasting
  2549 | D        | Reached skill level 2 in Spellcasting
  2623 | D        | Noticed an ettin
  2624 | D        | Noticed a rakshasa
  2632 | D        | Killed an ettin
  2632 | D        | Reached skill level 3 in Spellcasting
  2640 | D        | Killed a rakshasa
  2640 | D        | Reached skill level 13 in Dodging
  2640 | D        | Reached skill level 10 in Stealth
  2640 | D        | Gained mutation: You can hop longer distances. [Barachian growth]
  2640 | D        | Reached XP level 13. HP: 107/113 MP: 20/23
  2661 | D        | Noticed a great orb of eyes
  2661 | D        | a death drake changed into a great orb of eyes
  2663 | D        | Noticed an ice dragon
  2663 | D        | a great orb of eyes changed into an ice dragon
  2664 | D        | Noticed a minotaur
  2664 | D        | an ice dragon changed into a minotaur
  2666 | D        | Noticed a red draconian
  2666 | D        | a minotaur changed into a red draconian
  2675 | D        | Noticed an emperor scorpion
  2675 | D        | a red draconian changed into an emperor scorpion
  2677 | D        | an emperor scorpion changed into a catoblepas
  2695 | D        | Reached skill level 4 in Spellcasting
  2703 | D        | HP: 33/113 [poisoned by a queen ant]
  2708 | D        | HP: 27/113 [poisoned by a queen ant]
  2713 | D        | HP: 21/113 [poisoned by a queen ant]
  2718 | D        | HP: 18/113 [poisoned by a queen ant]
  2724 | D        | HP: 16/113 [poisoned by a queen ant]
  2730 | D        | HP: 13/113 [poisoned by a queen ant]
  2735 | D        | HP: 13/113 [poisoned by a queen ant]
  2740 | D        | HP: 12/113 [poisoned by a queen ant]
  2747 | D        | HP: 12/113 [poisoned by a queen ant]
  2752 | D        | HP: 12/113 [poisoned by a queen ant]
  2758 | D        | HP: 13/113 [poisoned by a queen ant]
  2764 | D        | HP: 14/113 [poisoned by a queen ant]
  3085 | D        | Reached skill level 11 in Stealth
  3085 | D        | Reached skill level 5 in Spellcasting
  3166 | D        | Reached skill level 6 in Spellcasting
  3166 | D        | Reached skill level 14 in Dodging
  3167 | D        | Reached skill level 1 in Slings
  3171 | D        | Reached skill level 2 in Slings
  3172 | D        | Reached skill level 12 in Stealth
  3175 | D        | Reached skill level 7 in Spellcasting
  3182 | D        | Reached skill level 3 in Slings
  3188 | D        | HP: 32/113 [poisoned by a naga warrior (splash of poison)]
  3194 | D        | HP: 27/113 [poisoned by a naga warrior (splash of poison)]
  3200 | D        | HP: 26/113 [poisoned by a naga warrior (splash of poison)]
  3206 | D        | HP: 26/113 [poisoned by a naga warrior (splash of poison)]
  3213 | D        | HP: 26/113 [poisoned by a naga warrior (splash of poison)]
  3218 | D        | HP: 26/113 [poisoned by a naga warrior (splash of poison)]
  3224 | D        | HP: 27/113 [poisoned by a naga warrior (splash of poison)]
  3230 | D        | HP: 28/113 [poisoned by a naga warrior (splash of poison)]
  3236 | D        | HP: 28/113 [poisoned by a naga warrior (splash of poison)]
  3557 | D        | Reached skill level 4 in Slings
  3560 | D        | Reached skill level 8 in Spellcasting
  3573 | D        | Reached skill level 5 in Slings
  3579 | D        | Reached skill level 13 in Stealth
  3748 | D        | Reached skill level 6 in Slings
  3748 | D        | Reached skill level 9 in Spellcasting
  3818 | D        | Reached skill level 7 in Slings
  3818 | D        | Reached skill level 14 in Stealth
  4094 | D        | Noticed Agnes
  4108 | D        | Killed Agnes
  4108 | D        | Reached skill level 8 in Slings
  4108 | D        | Reached skill level 10 in Spellcasting
  4275 | D        | Noticed Azrael
  4285 | D        | Reached skill level 1 in Staves
  4290 | D        | Reached skill level 2 in Staves
  4297 | D        | Killed Azrael
  4297 | D        | Reached skill level 3 in Staves
  4297 | D        | Reached skill level 9 in Slings
  4297 | D        | Reached XP level 14. HP: 50/120 MP: 23/28
  4567 | D        | Noticed a stone giant
  4567 | D        | Noticed a lich
  4568 | D        | Noticed a red very ugly thing
  4572 | D        | Reached skill level 4 in Staves
  4579 | D        | Reached skill level 5 in Staves
  4597 | D        | Killed a stone giant
  4597 | D        | Reached skill level 6 in Staves
  4597 | D        | Reached skill level 10 in Slings
  4603 | D        | Killed a lich
  4603 | D        | Reached skill level 8 in Staves
  4604 | D        | Reached skill level 11 in Slings
  4612 | D        | Killed a red very ugly thing
  4612 | D        | Reached skill level 9 in Staves
  4615 | D        | HP: 16/120 [disintegration (28)]
  4616 | D        | Reached skill level 10 in Staves
  4616 | D        | Reached skill level 12 in Slings
  4616 | D        | Paralysed by a great orb of eyes for 5 turns
  4620 | D        | HP: 10/120 [disintegration (7)]
  4983 | D        | Noticed a sphinx
  4986 | D        | Noticed a stone giant
  4996 | D        | Noticed a stone giant
  4997 | D        | Paralysed by a sphinx for 7 turns
  5006 | D        | Paralysed by a sphinx for 5 turns
  5015 | D        | Killed a sphinx
  5015 | D        | Reached skill level 11 in Staves
  5020 | D        | Killed a stone giant
  5020 | D        | Reached skill level 13 in Slings
  5023 | D        | Killed a stone giant
  5023 | D        | Reached skill level 12 in Staves
  5139 | D        | Noticed an ironheart preserver
  5139 | D        | Noticed a vault warden
  5163 | D        | Noticed an ironheart preserver
  5171 | D        | Killed a vault warden
  5171 | D        | Killed an ironheart preserver
  5171 | D        | Reached skill level 14 in Slings
  5172 | D        | Noticed a vault warden
  5182 | D        | Reached skill level 13 in Staves
  5193 | D        | Killed an ironheart preserver
  5197 | D        | Reached skill level 11 in Spellcasting
  5207 | D        | Killed a vault warden
  5207 | D        | Reached skill level 14 in Staves
  5207 | D        | Reached XP level 15. HP: 107/126 MP: 17/30
  5210 | D        | Reached skill level 1 in Throwing
  5210 | D        | Reached skill level 12 in Spellcasting
  5212 | D        | Reached skill level 2 in Throwing
  5214 | D        | Reached skill level 3 in Throwing
  5214 | D        | Reached skill level 4 in Throwing
  5215 | D        | Reached skill level 5 in Throwing
  5215 | D        | Reached skill level 13 in Spellcasting
  5229 | D        | Reached skill level 6 in Throwing
  5421 | D        | Noticed Nikola
  5431 | D        | Killed Nikola
  5431 | D        | Reached skill level 3 in Maces & Flails
  5431 | D        | Reached skill level 7 in Throwing
  5433 | D        | Noticed Sojobo
  5433 | D        | HP: 14/126 [Sojobo/bolt of lightning (50)]
  5749 | D        | Noticed a tengu reaver
  5749 | D        | Noticed a tengu reaver
  5768 | D        | Killed a tengu reaver
  5768 | D        | Reached skill level 4 in Maces & Flails
  5768 | D        | Reached skill level 8 in Throwing
  5768 | D        | Reached skill level 14 in Spellcasting
  5780 | D        | Killed a tengu reaver
  5780 | D        | Reached skill level 5 in Maces & Flails
  5992 | D        | Noticed Boris
  6017 | D        | Killed Boris
  6017 | D        | Reached skill level 8 in Maces & Flails
  6017 | D        | Reached skill level 10 in Throwing
  6413 | D        | HP: 30/126 [Sojobo/great sword of electrocution (17)]
  6424 | D        | HP: 28/126 [Sojobo/great sword of electrocution (5)]
  6425 | D        | Killed Sojobo
  6425 | D        | Reached skill level 10 in Maces & Flails
  6425 | D        | Reached skill level 11 in Throwing
  7758 | D        | Got the +2 glaive of Upheaval {flame, rElec Str+4 Dex+5 Stlth-}
  7869 | D        | Noticed Xtahua
  7896 | D        | Killed Xtahua
  7896 | D        | Reached skill level 4 in Short Blades
  7896 | D        | Reached skill level 11 in Maces & Flails
  7896 | D        | Reached skill level 12 in Throwing
  8133 | D        | Noticed Jory
  8144 | D        | HP: 30/126 [Jory/crystal spear (34)]
  8148 | D        | Mangled by Jory

Vault maps used:
D:        linesprint

Action                   |  1- 3 |  4- 6 |  7- 9 | 10-12 | 13-15 || total
-------------------------+-------+-------+-------+-------+-------++-------
Melee: Long sword        |    18 |    12 |       |       |       ||    30
       Scimitar          |       |     8 |    42 |   284 |   523 ||   857
 Fire: Fustibalus        |       |       |       |       |     9 ||     9
       Hunting sling     |       |       |       |       |     3 ||     3
Invok: Bend Time         |       |       |     2 |     3 |     1 ||     6
       Slouch            |       |       |     2 |    15 |    37 ||    54
       Temporal Distorti |       |       |       |     6 |     4 ||    10
       Step From Time    |       |       |       |       |     1 ||     1
 Abil: Hop               |       |       |       |       |     1 ||     1
  Use: Potion            |     1 |     3 |     2 |       |     4 ||    10
       Scroll            |       |       |     2 |     1 |     1 ||     4
 Stab: Invisible         |       |     2 |     9 |       |       ||    11
  Eat: Bread ration      |       |       |       |     1 |     1 ||     2
       Chunk             |       |       |       |     2 |       ||     2
       Meat ration       |       |       |       |       |     3 ||     3
       Fruit             |       |       |       |       |     1 ||     1
Armor: Scale mail        |     8 |     3 |       |       |       ||    11
       Plate armour      |       |     6 |    11 |    61 |   192 ||   270
Dodge: Dodged            |     4 |     4 |     3 |    72 |   166 ||   249
Block: Shield            |     3 |     8 |    17 |   147 |   255 ||   430
       Rpst.: Long sword |     2 |       |       |       |       ||     2
       Scimitar          |       |     1 |       |    18 |    36 ||    55
